 Dungeon Crawl Stone Soup version bcrawl-1.18.1 (webtiles) character file.

Game seed: 11391317506007086917

58 Banto the Insei (level 4, 0/28 HPs)
             Began as an Octopode Transmuter on Nov 9, 2019.
             Slain by an orc (5 damage)
             ... on level 2 of the Dungeon.
             The game lasted 00:01:19 (1946 turns).

Banto the Insei (Octopode Transmuter)               Turns: 1946, Time: 00:01:19

Health: 0/28       AC:  2    Str:  9    XL:     4   Next: 2%
Magic:  5/8        EV: 19    Int: 16    God:
Gold:   153        SH:  3    Dex: 17    Spells: 2/8 levels left

rFire    . . .     SeeInvis .     - Unarmed
rCold    . . .     Gourm    .   (shield currently unavailable)
rNeg     . . .     Faith    .   (helmet currently unavailable)
rPois    x         Spirit   .   (cloak currently unavailable)
rElec    .         Reflect  +   b - +3 amulet of reflection
rCorr    .         Harm     .   (no ring)
MR       .....                  (no ring)
Stlth    ++........             (no ring)
HPRegen  0.09/turn              (no ring)
MPRegen  0.11/turn              (no ring)
                                (no ring)
                                (no ring)
                                (no ring)

@: spider-form
A: tiny, almost no armour, stealthy swim, (amphibious), 8 rings, (constrict 8)
a: End Transformation


You were on level 2 of the Dungeon.
You were not hungry.
You were a venomous arachnid creature.
You visited 1 branch of the dungeon, and saw 3 of its levels.

You collected 153 gold pieces.

Inventory:

Missiles
 a - 235 arrows
Jewellery
 b - a +3 amulet of reflection (around neck)
Scrolls
 e - 5 scrolls of identify {unknown}
 f - 3 scrolls of remove curse {unknown}
 g - a scroll of fog {unknown}
 h - a scroll of immolation {unknown}
 j - a scroll of noise {unknown}
 l - a scroll of teleportation {unknown}
Potions
 c - a potion of lignification
 i - a potion of flight {unknown}
 k - a potion of heal wounds {unknown}
Comestibles
 d - 4 rations {!d}


   Skills:
 - Level 1.0 Fighting
 - Level 2.0 Dodging
 + Level 3.6 Unarmed Combat
 + Level 2.7 Spellcasting
 + Level 2.8 Transmutations


You had 2 spell levels left.
You knew the following spells:

 Your Spells              Type           Power        Failure   Level  Hunger
a - Beastly Appendage     Tmut           ##....       17%         1    #......
b - Sticks to Snakes      Tmut           ##......     22%         2    ##.....
c - Spider Form           Tmut/Pois      #..          54%         3    ###....

Your spell library contained the following spells:

 Spells                   Type           Power        Failure   Level  Hunger
 Ice Form                 Ice/Tmut       #.......     87%         4    #####..
 Blade Hands              Tmut           ##........   95%         5    ######.


Dungeon Overview and Level Annotations

Branches:
Dungeon (3/12)

Altars:


Innate Abilities, Weirdness & Mutations

You cannot wear most types of armour.
You are very stealthy in the water. (Stealth+)
((You are amphibious.))
You can wear up to eight rings at the same time.
((You can use your tentacles to constrict eight enemies at once.))
((Your skin changes colour to match your surroundings (Stealth+).))
((Your rubbery body absorbs attacks. (AC +1, EV +1)))


Message History

The ooze is moderately wounded.
You block the ooze's attack. The orc hits you.
A hobgoblin comes into view. It is wielding a +0 club.
You barely miss the ooze.
The ooze is moderately wounded.
The ooze hits you. The orc hits you.
* * * LOW HITPOINT WARNING * * *
You see here 8 gold pieces.
The hobgoblin shouts!
The ooze hits you.
* * * LOW HITPOINT WARNING * * *
There is a stone staircase leading up here.
The ooze barely misses you.
You climb upwards.
There is a stone staircase leading down here.
Casting: Beastly Appendage (safe; 6% risk of failure)
Confirm with . or Enter, or press ? or * to list all spells.
You turn into a venomous arachnid creature.
The ooze hits you but does no damage. The orc hits you.
You die...

.##.#.#######################.#
.##.#.# #...........# .##.#.#
#.########### ....#.# #.# ####
#.###.# #.# #######... #.# #.#
#)# #.......## #.# #.# #.#
#.####### #.# #.# #####.# #.#
#.# #.# #osJ..# #.# #.# #.#
#.##### #.# #.# #.# #.# #.# #.#
#.# #.# #.# #.# #.# #># #.#
#.###.## #)# #.#
#......########.## #.###
#####............#######...#
######.................######


You could see an ooze and an orc.

Vanquished Creatures
  An adder (D:2)
  2 worms
  2 dart slugs
  2 leopard geckos (D:1)
  An orc (D:2)
  3 bats (D:1)
  2 giant cockroaches (D:1)
  5 hobgoblins
  4 jackals (D:2)
  3 kobolds (D:1)
  A ball python (D:1)
  3 frilled lizards
  2 goblins (D:1)
  5 rats (D:1)
36 creatures vanquished.

Notes
Turn   | Place    | Note
-------+----------+-------------------------------------------
     0 | D:1      | Banto the Octopode Transmuter began the quest for the Orb.
     0 | D:1      | Reached XP level 1. HP: 13/13 MP: 3/3
   138 | D:1      | Reached XP level 2. HP: 18/18 MP: 5/5
   594 | D:1      | Reached XP level 3. HP: 23/23 MP: 6/6
   954 | D:2      | Learned a level 2 spell: Sticks to Snakes
   958 | D:2      | Learned a level 3 spell: Spider Form
  1694 | D:3      | Noticed an ogre
  1713 | D:2      | Reached XP level 4. HP: 8/28 MP: 8/8
  1946 | D:2      | Slain by an orc

Action                   |  1- 3 |  4- 6 || total
-------------------------+-------+-------++-------
Melee: Unarmed           |    78 |     6 ||    84
       Constrict         |    18 |       ||    18
       Punch             |     3 |       ||     3
       Tentacles         |    10 |     1 ||    11
       Kick              |     1 |       ||     1
 Cast: Beastly Appendage |     1 |       ||     1
       Spider Form       |       |     1 ||     1
 Stab: Sleeping          |     7 |       ||     7
  Eat: Chunk             |     2 |     1 ||     3
Armor: Skin              |     4 |     1 ||     5
Dodge: Dodged            |    56 |     4 ||    60
Block: Other             |     6 |     3 ||     9
